 Dungeon Crawl Stone Soup version 0.26-a0-639-g72c4674329 (webtiles) character file.

Game seed: 6850238189850454837

1461 DogServant the Destroyer (level 8, -4/51 HPs)
             Began as a Gargoyle Conjurer on Sept 16, 2020.
             Was an Initiate of Vehumet.
             Slain by an orc warrior
             ... wielding a +0 dire flail
              (18 damage)
             ... on level 6 of the Dungeon.
             The game lasted 00:15:20 (7618 turns).

DogServant the Destroyer (Gargoyle Conjurer)        Turns: 7618, Time: 00:15:20

Health: -4/51      AC:  8    Str: 11    XL:     8   Next: 77%
Magic:  5/16       EV: 12    Int: 21    God:    Vehumet [......]
Gold:   244        SH:  0    Dex:  8    Spells: 12/18 levels left

rFire    . . .     SeeInvis .   C - +0 flail (protect)
rCold    . . .     Faith    .   (no shield)
rNeg     + . .     Spirit   .   a - +0 robe
rPois    ∞         Reflect  .   v - +1 hat
rElec    +         Harm     .   (no cloak)
rCorr    .         Rampage  .   (no gloves)
MR       .....                  (no boots)
Stlth    ++........             (no amulet)
HPRegen  0.17/turn              (no ring)
MPRegen  0.15/turn              (no ring)

@: no status effects
A: negative energy resistance 1, electricity resistance, unbreathing,
petrification resistance, rot immunity, AC +5
a: Renounce Religion


You were on level 6 of the Dungeon.
You worshipped Vehumet.
Vehumet was noncommittal.
You visited 2 branches of the dungeon, and saw 8 of its levels.

You collected 324 gold pieces.
You spent 80 gold pieces at shops.

Inventory:

Hand Weapons
 C - a +0 flail of protection (weapon)
Armour
 a - a +0 robe (worn)
 i - a +0 kite shield
 v - a +1 hat (worn)
 B - a +0 buckler
Wands
 l - a wand of random effects (21)
 q - a wand of flame (49)
 u - a wand of paralysis (8)
Scrolls
 k - 6 scrolls of identify
 m - 4 scrolls of immolation {unknown}
 o - 5 scrolls of teleportation
 p - 3 scrolls of fog {unknown}
 s - 5 scrolls of remove curse
 x - a scroll of amnesia {unknown}
 z - a scroll of magic mapping {unknown}
Potions
 b - 3 potions of heal wounds
 c - 3 potions of brilliance
 d - 2 potions of curing
 e - a potion of resistance {unknown}
 f - 3 potions of flight {unknown}
 g - a potion of ambrosia {unknown}
 h - a potion of invisibility {unknown}
 j - 2 potions of stabbing {unknown}
 n - 2 potions of mutation {unknown}
 r - a potion of haste {unknown}
 t - a potion of berserk rage {unknown}
 w - a potion of might {unknown}
 A - a potion of degeneration {unknown}
 D - a potion of cancellation {unknown}


   Skills:
 + Level 5.8 Fighting
 - Level 1.5 Dodging
 - Level 2.1 Stealth
 + Level 5.9 Spellcasting
 + Level 8.1 Conjurations
 + Level 1.6 Hexes


You had 12 spell levels left.
You knew the following spells:

 Your Spells              Type           Power        Failure   Level
a - Magic Dart            Conj           ####         1%          1
b - Searing Ray           Conj           #####.       1%          2
c - Dazzling Flash        Conj/Hex       ####..       4%          3

Your spell library contained the following spells:

 Spells                   Type           Power        Failure   Level
 Fulminant Prism          Conj/Hex       ####......   13%         4
 Iskenderun's Mystic Bla  Conj/Tloc      ###.....     19%         4


Dungeon Overview and Level Annotations

Branches:
Dungeon (7/15)             Temple (1/1) D:6

Altars:
Ashenzari
Cheibriados
Dithmenos
Elyvilon
Fedhas
Gozag
Kikubaaqudgha
Makhleb
Nemelex Xobeh
Okawaru
Qazlal
Trog
Uskayaw
Vehumet
Wu Jian
Xom
Zin
The Shining One

Shops:
D:5 *


Innate Abilities, Weirdness & Mutations

You are resistant to torment.
Your stone body is resilient. (AC +5)
You are immune to poison.
You resist negative energy. (rN+)
You are resistant to electric shocks. (rElec)
You can survive without breathing.
You are immune to petrification.
You are immune to rotting.


Message History

Vehumet accepts your kill.
You finish channeling your searing ray.
The orc warrior hits you with a +0 dire flail!
A lemure comes into view.
Casting: Searing Ray (safe; 1% risk of failure)
Confirm with . or Enter, or press ? or * to list all spells.
Press: ? - help, Shift-Dir - straight line, f - lemure, p - orc warrior
Aim: a lemure (moderately wounded)
The searing ray hits the orc warrior.
The orc warrior is heavily wounded.
The searing ray hits the lemure.
The lemure is moderately wounded. (Press . to maintain the ray.)
The lemure shouts!
The orc warrior hits you with a +0 dire flail!!
* * * LOW HITPOINT WARNING * * *
The searing ray hits the orc warrior!
The orc warrior is almost dead.
The orc warrior hits you with a +0 dire flail!!
You die...

#....####.#.....
#....##...#...## .
#....##.......# ...
#....##..##..(##
.#..######.............#.
....).#..>...............
...)....................#
.......5.#....##....#...#
....[..o@...).##.#....###
.......#####.###.#(.....#
...5.^...............##..
.#.##................###.
# #...####)...#.....##.
##...# #)##.....#...#
#.#.###.#..#.#.###..
#....##.#.##.#.##...
####..#.#.##.#.#..#.


You could see an orc warrior and 2 lemures.

Vanquished Creatures
  Grinder (D:6)
  Menkaure (D:6)
  Edmund (D:6)
  A phantom (D:3)
  An ogre (D:4)
  A centaur (D:5)
  2 scorpions
  A bullfrog zombie (D:6)
  5 hounds
  A jelly (D:6)
  Crazy Yiuf (D:2)
  4 orc wizards
  An iguana (D:4)
  Ijyb (D:4)
  A worker ant (D:5)
  Terence (D:2)
  A hound skeleton (D:4)
  A hound zombie (D:6)
  A worker ant zombie (D:5)
  2 howler monkey skeletons
  9 adders
  2 shadow imps (D:6)
  An ufetubus (D:5)
  An adder skeleton (D:4)
  3 worms
  2 dart slugs (D:1)
  4 leopard geckos
  24 orcs
  2 ball pythons (D:1)
  3 giant cockroaches
  4 goblins (D:1)
  9 hobgoblins
  7 jackals
  6 kobolds
  4 quokkas
  5 bats
  8 frilled lizards
  A jackal zombie (D:5)
  7 rats
131 creatures vanquished.

Notes
Turn   | Place    | Note
-------+----------+-------------------------------------------
     0 | D:1      | DogServant the Gargoyle Conjurer began the quest for the
                  | Orb.
     0 | D:1      | Reached XP level 1. HP: 10/10 MP: 3/3
   187 | D:1      | Reached XP level 2. HP: 15/15 MP: 0/5
   665 | D:1      | Noticed a troll
   665 | D:1      | Noticed a big kobold
   665 | D:1      | Noticed a big kobold
   665 | D:1      | Noticed a big kobold
   670 | D:1      | Noticed a big kobold
   861 | D:1      | Learned a level 2 spell: Searing Ray
  1014 | D:1      | Reached XP level 3. HP: 19/19 MP: 4/6
  1184 | D:1      | Reached skill level 5 in Conjurations
  1538 | D:2      | Noticed Terence
  1545 | D:2      | Killed Terence
  1545 | D:2      | Reached XP level 4. HP: 24/24 MP: 2/8
  1934 | D:2      | Found a runed translucent door.
  1935 | D:2      | Noticed Crazy Yiuf
  2006 | D:2      | Killed Crazy Yiuf
  2390 | D:3      | Reached skill level 1 in Fighting
  2495 | D:3      | Reached XP level 5. HP: 29/29 MP: 7/10
  3285 | D:3      | Reached skill level 6 in Conjurations
  3339 | D:3      | Found a faded altar of an unknown god.
  3357 | D:3      | Reached XP level 6. HP: 35/35 MP: 9/11
  3463 | D:3      | Noticed a phantom
  3502 | D:3      | Killed a phantom
  4255 | D:4      | Reached XP level 7. HP: 41/41 MP: 5/13
  4698 | D:4      | Noticed Ijyb
  4712 | D:4      | Killed Ijyb
  4791 | D:4      | Found a sparkling altar of Nemelex Xobeh.
  5250 | D:5      | Entered Level 5 of the Dungeon
  5395 | D:5      | Reached skill level 7 in Conjurations
  5862 | D:5      | Reached skill level 5 in Spellcasting
  6116 | D:5      | Reached XP level 8. HP: 48/48 MP: 11/15
  6392 | D:5      | Found Gufuck's General Store.
  6402 | D:5      | Bought a scroll of teleportation for 30 gold pieces
  6402 | D:5      | Bought a potion of heal wounds for 50 gold pieces
  6900 | D:6      | Noticed Grinder
  6906 | D:6      | Learned a level 3 spell: Dazzling Flash
  6916 | D:6      | Killed Grinder
  6916 | D:6      | Reached skill level 5 in Fighting
  7041 | D:6      | Found a staircase to the Ecumenical Temple.
  7050 | Temple   | Entered the Ecumenical Temple
  7084 | Temple   | Became a worshipper of Vehumet
  7122 | D:6      | Noticed Edmund
  7148 | D:6      | Noticed Menkaure
  7163 | D:6      | Killed Edmund
  7168 | D:6      | Killed Menkaure
  7168 | D:6      | Reached skill level 8 in Conjurations
  7168 | D:6      | Reached skill level 1 in Hexes
  7618 | D:6      | Slain by an orc warrior

Illustrated notes

Levels and vault maps discovered:
D:1:      erik_arrival_cave_to_civilisation [erik_arrival_cave_to_temple],
          layout_basic, nrook_mini_vaults
D:2:      layout_rooms, chequers_serial_rivers_small_a, uniq_terence,
          uniq_crazy_yiuf_cottage
D:3:      layout_basic, chequers_ecumenical_altar_grove
D:4:      layout_cave_pools, nemelex_lonely_heart_becter, uniq_ijyb
D:5:      layout_cave_pods, serial_shops, shop, minmay_misc_feat_x
D:6:      layout_rooms, minmay_temple_entry_mini_moons, uniq_edmund, uniq_pikel,
          uniq_menkaure, uniq_grinder, uniq_sigmund
D:7:      layout_cave_pools, kennysheep_mini, gammafunk_ghost_nasty_kobolds
Temple:   nicolae_temple_the_god_donut

Skill      XL: |  1  2  3  4  5  6  7  8 |
---------------+-------------------------+-----
Conjurations   | 5 6 7 8 |  8.1
Spellcasting   | 3 4 5 |  5.9
Fighting       | 1 2 3 4 5 |  5.8
Hexes          | 1 |  1.6
Dodging        | |  1.5
Stealth        | |  2.1

Action                   |  1- 3 |  4- 6 |  7- 9 || total
-------------------------+-------+-------+-------++-------
Melee: Unarmed           |     1 |     3 |       ||     4
 Cast: Magic Dart        |    52 |    46 |    86 ||   184
       Searing Ray       |     3 |    22 |    39 ||    64
  Use: Scroll            |       |     3 |       ||     3
Armor: Robe              |     3 |     1 |    11 ||    15
Dodge: Dodged            |     7 |     9 |    12 ||    28

Table legend: (Time is in decaauts)
 A = Elapsed time spent in this place.
 B = Non-inter-level travel time spent in this place.
 C = Inter-level travel time spent in this place.
 D = Time resting spent in this place.
 E = Time spent auto-exploring this place.
 F = Levels seen in this place.
 G = Mean time per level.
                   A        B        C        D        E       F      G
               +--------+--------+--------+--------+--------+-----+--------+
         Total |   7617 |   7370 |    247 |   2339 |   4278 |   8 |  952.1 |
       Dungeon |   7552 |   7335 |    217 |   2339 |   4251 |   7 | 1078.9 |
        Temple |     64 |     34 |     30 |      0 |     27 |   1 |   64.0 |
               +--------+--------+--------+--------+--------+-----+--------+

Top non-repeatable levels by time:
     D:5: 1601 daAuts
     D:3: 1516 daAuts
     D:4: 1390 daAuts
     D:1: 1300 daAuts
     D:2: 1043 daAuts
     D:6: 699 daAuts
  Temple: 64 daAuts
     D:7: 1 daAuts
